 Dungeon Crawl Stone Soup version 0.27.0-1-g7a089689b8 (webtiles) character file.

Game seed: 2612352810588912003

6066 hatdisgam the Frost Mage (level 10, -13/76 HPs)
             Began as a Gnoll Ice Elementalist on Aug 10, 2021.
             Was a Follower of Cheibriados.
             Mangled by a two-headed ogre (14 damage)
             ... on level 9 of the Dungeon.
             The game lasted 00:17:16 (9055 turns).

hatdisgam the Frost Mage (Gnoll Ice Elementalist)   Turns: 9055, Time: 00:17:17

Health: -13/76     AC:  5    Str: 11    XL:     10   Next: 87%
Magic:  16/21      EV: 14    Int: 21    God:    Cheibriados [*.....]
Gold:   316        SH:  0    Dex: 12    Spells: 16/24 levels left

rFire    . . .     SeeInvis .   m - +2 whip (elec)
rCold    . . .     Faith    .   (no shield)
rNeg     . . .     Spirit   .   n - +2 robe of Abstinence {Will+ Regen+ Dex-3 Slay+5}
rPois    .         Reflect  .   (no helmet)
rElec    .         Harm     .   (no cloak)
rCorr    .         Rampage  .   e - +0 pair of gloves
Will     +....                  (no boots)
Stlth    +++.......             (no amulet)
HPRegen  1.22/turn              (no ring)
MPRegen  0.17/turn              (no ring)

@: about to teleport, very slow
A: fangs 1, strong nose, distributed training
a: Renounce Religion, Bend Time


You were on level 9 of the Dungeon.
You worshipped Cheibriados.
Cheibriados was aware of your devotion.
You visited 2 branches of the dungeon, and saw 10 of its levels.

You collected 400 gold pieces.
You spent 84 gold pieces at shops.

Inventory:

Hand Weapons
 g - a +0 whip
 k - a +3 whip
 m - a +2 whip of electrocution (weapon)
 q - a +0 glaive of flaming
Armour
 a - a +0 robe
 d - a +0 kite shield
 e - a +0 pair of gloves (worn)
 n - the +2 robe of Abstinence (worn) {Will+ Regen+ Dex-3 Slay+5}
   (You found it on level 5 of the Dungeon)

   Dex:       It affects your dexterity (-3).
   Slay:      It affects your accuracy & damage with ranged weapons and melee
   (+5).
   Regen:     It increases your rate of health regeneration.
   Will:      It increases your willpower.
Jewellery
 o - an amulet of faith
 r - a ring of wizardry
 v - a ring of flight
Wands
 i - a wand of mindburst (10)
 u - a wand of acid (8)
Scrolls
 b - 2 scrolls of holy word
 c - a scroll of fog
 f - a scroll of amnesia
 j - 4 scrolls of teleportation
 s - a scroll of torment
 w - 2 scrolls of fear {unknown}
Potions
 h - a potion of attraction {unknown}
 l - a potion of mutation
 p - a potion of curing
 x - a potion of brilliance {unknown}


   Skills:
 + Level 5.7 Fighting
 + Level 5.7 Short Blades
 + Level 5.7 Long Blades
 + Level 5.7 Axes
 + Level 5.7 Maces & Flails
 + Level 5.7 Polearms
 + Level 5.7 Staves
 + Level 5.7 Slings
 + Level 5.7 Bows
 + Level 5.7 Crossbows
 + Level 5.7 Throwing
 + Level 5.7 Armour
 + Level 7.4 Dodging
 + Level 7.1 Stealth
 + Level 5.7 Shields
 + Level 5.7 Unarmed Combat
 + Level 7.6 Spellcasting
 + Level 4.7 Conjurations
 + Level 4.7 Hexes
 + Level 4.7 Summonings
 + Level 4.7 Necromancy
 + Level 4.7 Translocations
 + Level 4.7 Transmutations
 + Level 4.7 Fire Magic
 + Level 8.6 Ice Magic
 + Level 4.7 Air Magic
 + Level 4.7 Earth Magic
 + Level 4.7 Poison Magic
 + Level 6.2 Invocations
 + Level 5.7 Evocations


You had 16 spell levels left.
You knew the following spells:

 Your Spells              Type           Power      Damage    Failure   Level
a - Freeze                Ice            100%       1d11      1%          1
b - Frozen Ramparts       Ice            88%        1d10      1%          3
c - Hailstorm             Conj/Ice       36%        3d9       5%          4

Your spell library contained the following spells:

 Spells                   Type           Power      Damage    Failure   Level
 Beastly Appendage        Tmut           54%        N/A       1%          1
 Wereblood                Tmut           27%        N/A       1%          2
 Ozocubu's Armour         Ice            44%        N/A       1%          3
 Spider Form              Tmut/Pois      13%        N/A       3%          3


Dungeon Overview and Level Annotations

Branches:
Dungeon (9/15)             Temple (1/1) D:7            Lair (0/6) D:9
    Orc: D:9-12

Altars:
Ashenzari
Cheibriados
Dithmenos
Fedhas
Gozag
Hepliaklqana
Kikubaaqudgha
Makhleb
Nemelex Xobeh
Okawaru
Qazlal
Ru
Sif Muna
Trog
Uskayaw
Vehumet
Wu Jian
Xom
Yredelemnul
Zin
The Shining One

Shops:
D:1 ?::!   D:5 *   D:8 *

Annotations:
D:4 2 transporters, shummie's ghost, amateur TeWr
D:5 2 runed translucent doors, Myro's ghost, novice HOFi


Innate Abilities, Weirdness & Mutations

You have very sharp teeth.
Your uncanny sense of smell can sniff out nearby items.
Your experience applies equally to all skills.


Message History

The death yak gores you!!
The wall freezes the wyvern.
Unknown command.
As you read the scroll of teleportation, it crumbles to dust.
You feel strangely unstable.
The wall freezes the wyvern.
The wall freezes the quokka.
You kill the quokka!
Cheibriados appreciates the change of pace.
The wall freezes the death yak.
The death yak gores you!!
* * * LOW HITPOINT WARNING * * *
You feel much better.
The frozen ramparts melt away.
The death yak closely misses you.
Unknown command.
Casting: Frozen Ramparts (safe; 1% risk of failure)
Confirm with . or Enter, or press ? or * to list all spells.
Casting: Frozen Ramparts (safe; 1% risk of failure)
Press: ? - help, Dir - look around, f - activate The walls around you are covered in ice.
The wall freezes the yak.
The wall freezes the wyvern.
You kill the wyvern!
Cheibriados appreciates the change of pace.
The wall freezes the yak.
The wall freezes the death yak!
The death yak gores you!!
* * * LOW HITPOINT WARNING * * *
You whack the death yak!
Lightning courses through the death yak!
The death yak is almost dead.
The wall freezes the yak!
The wall freezes the yak.
Unknown command.
You hit the death yak.
The death yak is almost dead.
Your surroundings suddenly seem different.
The frozen ramparts melt away as you move.
A two-headed ogre comes into view.
It is wielding a +0 giant club and a +0 giant spiked club.
The two-headed ogre shouts in stereo!
As you read the scroll of teleportation, it crumbles to dust.
You feel strangely unstable.
The two-headed ogre hits you with a +0 giant club!
* * * LOW HITPOINT WARNING * * *
The two-headed ogre hits you with a +0 giant spiked club!
You die...

#.# #.# #.# #.#
### # #.# ....#
#.# #.#.# #.#
#.O#.####
#@.......
.........#..###
........#.# ...
##.####..#.. #
# #.. .## #.##
# #.# ..#


You could see a two-headed ogre.

Vanquished Creatures
  2 death yaks (D:9)
  Pikel (D:5)
  Maggie (D:6)
  Prince Ribbit (D:7)
  Sigmund (D:4)
  A wyvern (D:9)
  8 yaks
  2 acid dragons
  A water moccasin (D:8)
  An orc warrior (D:8)
  Duvessa (D:4)
  An ice beast (D:8)
  3 sky beasts
  A black bear (D:5)
  3 ogres
  2 lemures (D:5)
  A gnoll sergeant (D:6)
  A bullfrog (D:9)
  Dowan (D:4)
  2 scorpions (D:5)
  A wyvern skeleton (D:6)
  A howler monkey (D:8)
  A jelly (D:6)
  5 orc priests
  A hound (D:4)
  2 iguanas
  11 orc wizards
  A killer bee zombie (D:4)
  A howler monkey skeleton (D:5)
  8 gnolls (D:6)
  12 adders
  A river rat (D:9)
  2 white imps
  2 ufetubi
  3 worms
  4 dart slugs
  22 orcs
  4 endoplasms
  2 giant cockroaches
  6 goblins
  6 hobgoblins
  11 jackals
  7 quokkas
  7 ball pythons
  8 bats
  3 frilled lizards
  7 kobolds
  4 rats
178 creatures vanquished.

Vanquished Creatures (others)
  15 plants (D:8)
15 creatures vanquished.

Grand Total: 193 creatures vanquished

Notes
Turn   | Place    | Note
-------+----------+-------------------------------------------
     0 | D:1      | hatdisgam the Gnoll Ice Elementalist began the quest for
                  | the Orb.
     0 | D:1      | Reached XP level 1. HP: 13/13 MP: 6/6
   140 | D:1      | Found Xyaxihit's Book Shop.
   188 | D:1      | Found a faded altar of an unknown god.
   207 | D:1      | Found Umor's Distillery.
   217 | D:1      | Reached XP level 2. HP: 14/20 MP: 2/7
   486 | D:1      | Found Suhiolelo's Book Boutique.
   837 | D:1      | Found Fuocajuto's Magic Scroll Boutique.
  1080 | D:2      | Reached XP level 3. HP: 24/25 MP: 7/9
  1084 | D:2      | Learned a level 3 spell: Frozen Ramparts
  1134 | D:2      | Reached skill level 5 in Spellcasting
  1316 | D:2      | Reached skill level 1 in Invocations
  1446 | D:2      | Reached skill level 1 in Fighting
  1446 | D:2      | Reached skill level 1 in Short Blades
  1446 | D:2      | Reached skill level 1 in Long Blades
  1446 | D:2      | Reached skill level 1 in Axes
  1446 | D:2      | Reached skill level 1 in Maces & Flails
  1446 | D:2      | Reached skill level 1 in Polearms
  1446 | D:2      | Reached skill level 1 in Staves
  1446 | D:2      | Reached skill level 1 in Slings
  1446 | D:2      | Reached skill level 1 in Bows
  1446 | D:2      | Reached skill level 1 in Crossbows
  1446 | D:2      | Reached skill level 1 in Throwing
  1446 | D:2      | Reached skill level 1 in Armour
  1446 | D:2      | Reached skill level 1 in Shields
  1446 | D:2      | Reached skill level 1 in Unarmed Combat
  1446 | D:2      | Reached skill level 1 in Evocations
  1652 | D:2      | Reached XP level 4. HP: 28/32 MP: 11/11
  2243 | D:3      | Found an ancient bone altar of Kikubaaqudgha.
  2611 | D:3      | Reached skill level 1 in Conjurations
  2611 | D:3      | Reached skill level 1 in Hexes
  2611 | D:3      | Reached skill level 1 in Summonings
  2611 | D:3      | Reached skill level 1 in Necromancy
  2611 | D:3      | Reached skill level 1 in Translocations
  2611 | D:3      | Reached skill level 1 in Transmutations
  2611 | D:3      | Reached skill level 1 in Fire Magic
  2611 | D:3      | Reached skill level 1 in Air Magic
  2611 | D:3      | Reached skill level 1 in Earth Magic
  2611 | D:3      | Reached skill level 1 in Poison Magic
  2781 | D:3      | Reached XP level 5. HP: 30/37 MP: 8/12
  2883 | D:3      | Learned a level 4 spell: Hailstorm
  3099 | D:4      | Found a transporter.
  3125 | D:4      | Noticed shummie's ghost (amateur TeWr)
  3343 | D:4      | Noticed Sigmund
  3355 | D:4      | Killed Sigmund
  3356 | D:4      | Reached skill level 5 in Dodging
  3356 | D:4      | Reached XP level 6. HP: 44/44 MP: 8/14
  3483 | D:4      | Found a hazy altar of Hepliaklqana.
  3639 | D:4      | Reached XP level 7. HP: 50/50 MP: 6/15
  3712 | D:4      | Found a transporter.
  3810 | D:4      | Noticed Dowan
  3812 | D:4      | Noticed Duvessa
  3821 | D:4      | Killed Duvessa
  3823 | D:4      | Killed Dowan
  4284 | D:5      | Entered Level 5 of the Dungeon
  4329 | D:5      | Reached skill level 5 in Stealth
  4406 | D:5      | Found Zin's Purification Station.
  4406 | D:5      | Found a glowing silver altar of Zin.
  4611 | D:1      | Bought a scroll of teleportation for 42 gold pieces
  4611 | D:1      | Bought a scroll of teleportation for 42 gold pieces
  4856 | D:5      | Reached XP level 8. HP: 57/57 MP: 8/16
  5050 | D:5      | Identified the +2 robe of Abstinence {Will+ Regen+ Dex-3
                  | Slay+5}
  5252 | D:5      | Noticed Pikel
  5261 | D:5      | Killed Pikel
  5399 | D:5      | Found a large runed translucent door.
  5399 | D:5      | Found a large runed translucent door.
  5399 | D:5      | Noticed Myro's ghost (novice HOFi)
  5899 | D:6      | Reached XP level 9. HP: 65/65 MP: 13/18
  6201 | D:6      | Noticed Maggie
  6210 | D:6      | Killed Maggie
  6211 | D:6      | Reached skill level 8 in Ice Magic
  6312 | D:6      | Found a radiant altar of Vehumet.
  6746 | D:7      | Found a shadowy altar of Dithmenos.
  6858 | D:7      | Found a staircase to the Ecumenical Temple.
  6875 | Temple   | Entered the Ecumenical Temple
  7110 | Temple   | Became a worshipper of Cheibriados the Contemplative
  7455 | D:7      | Noticed Prince Ribbit
  7469 | D:7      | Killed Prince Ribbit
  7470 | D:7      | Reached skill level 5 in Invocations
  8058 | D:8      | Found a hide-covered altar of Uskayaw.
  8218 | D:8      | Found a stormy altar of Qazlal.
  8268 | D:8      | Reached XP level 10. HP: 67/73 MP: 11/20
  8272 | D:8      | Reached skill level 5 in Fighting
  8272 | D:8      | Reached skill level 5 in Short Blades
  8272 | D:8      | Reached skill level 5 in Long Blades
  8272 | D:8      | Reached skill level 5 in Axes
  8272 | D:8      | Reached skill level 5 in Maces & Flails
  8272 | D:8      | Reached skill level 5 in Polearms
  8272 | D:8      | Reached skill level 5 in Staves
  8272 | D:8      | Reached skill level 5 in Slings
  8272 | D:8      | Reached skill level 5 in Bows
  8272 | D:8      | Reached skill level 5 in Crossbows
  8272 | D:8      | Reached skill level 5 in Throwing
  8272 | D:8      | Reached skill level 5 in Armour
  8272 | D:8      | Reached skill level 5 in Shields
  8272 | D:8      | Reached skill level 5 in Unarmed Combat
  8272 | D:8      | Reached skill level 5 in Evocations
  8384 | D:8      | Found Gozag's Platinum Reserve.
  8388 | D:8      | Found an opulent altar of Gozag.
  8618 | D:8      | Reached * piety under Cheibriados
  9023 | D:9      | Found a staircase to the Lair.
  9025 | D:9      | Noticed a death yak
  9025 | D:9      | Noticed a death yak
  9031 | D:9      | Noticed a death yak
  9038 | D:9      | Killed a death yak
  9048 | D:9      | Killed a death yak
  9054 | D:9      | Noticed a two-headed ogre
  9055 | D:9      | HP: 1/76 [two-headed ogre (14)]
  9055 | D:9      | Mangled by a two-headed ogre

Illustrated notes

Levels and vault maps discovered:
D:1:      shiori_arrival_elements, layout_loops_ring,
          hellmonk_ecumenical_altar_leap_of_faith, serial_shops, shop,
          shop_statue, nicolae_shop_crystal, shop, minmay_liquid_box,
          st_stairs_3
D:2:      layout_basic
D:3:      layout_loops_ring, kiku_gazebo_pond_becter, grunt_ministairs_14
D:4:      layout_cave_pools, nicolae_hepliaklqana_hazy_memory,
          gammafunk_ghost_stat_death, uniq_duvessa, uniq_sigmund
D:5:      layout_loops_corners, zin_purify, ebering_ghost_disaster_area,
          uniq_pikel
D:6:      layout_basic, mainiacjoe_overflow_six_doors_small, uniq_maggie
D:7:      layout_layer_cave, nicolae_dithmenos_through_a_glass_darkly,
          minmay_temple_entry_grid, uniq_prince_ribbit1
D:8:      layout_cave_pods, mainiacjoe_overflow_cross_hatched,
          old_standard_altar, nicolae_gozag_zags_fifth_avenue
D:9:      layout_loops_ring, nicolae_overflow_hidden_temple, dpeg_lair_monsters
Temple:   nicolae_temple_figure_eight

Skill      XL: |  1  2  3  4  5  6  7  8  9 10 |
---------------+-------------------------------+-----
Spellcasting   | 5 6 7 |  7.6
Invocations    | 1 2 3 4 5 6 |  6.2
Fighting       | 1 2 3 4 5 |  5.7
Short Blades   | 1 2 3 4 5 |  5.7
Long Blades    | 1 2 3 4 5 |  5.7
Axes           | 1 2 3 4 5 |  5.7
Maces & Flails | 1 2 3 4 5 |  5.7
Polearms       | 1 2 3 4 5 |  5.7
Staves         | 1 2 3 4 5 |  5.7
Slings         | 1 2 3 4 5 |  5.7
Bows           | 1 2 3 4 5 |  5.7
Crossbows      | 1 2 3 4 5 |  5.7
Throwing       | 1 2 3 4 5 |  5.7
Armour         | 1 2 3 4 5 |  5.7
Shields        | 1 2 3 4 5 |  5.7
Unarmed Combat | 1 2 3 4 5 |  5.7
Evocations     | 1 2 3 4 5 |  5.7
Conjurations   | 1 2 3 4 |  4.7
Hexes          | 1 2 3 4 |  4.7
Summonings     | 1 2 3 4 |  4.7
Necromancy     | 1 2 3 4 |  4.7
Translocations | 1 2 3 4 |  4.7
Transmutations | 1 2 3 4 |  4.7
Fire Magic     | 1 2 3 4 |  4.7
Air Magic      | 1 2 3 4 |  4.7
Earth Magic    | 1 2 3 4 |  4.7
Poison Magic   | 1 2 3 4 |  4.7
Dodging        | 5 6 7 |  7.4
Stealth        | 5 6 7 |  7.1
Ice Magic      | 8 |  8.6

Action                   |  1- 3 |  4- 6 |  7- 9 | 10-12 || total
-------------------------+-------+-------+-------+-------++-------
Melee: Unarmed           |     3 |       |       |       ||     3
       Whip              |    39 |    91 |    94 |    24 ||   248
       Bite              |     2 |     8 |     4 |     1 ||    15
       Punch             |       |     1 |     2 |     1 ||     4
 Cast: Freeze            |    38 |    36 |    73 |    11 ||   158
       Frozen Ramparts   |     5 |     6 |    26 |     8 ||    45
  Use: Potion            |       |     2 |       |     1 ||     3
       Scroll            |       |       |     7 |     2 ||     9
 Stab: Sleeping          |       |     7 |     2 |     1 ||    10
Armor: Robe              |    13 |    40 |    31 |     4 ||    88
Dodge: Dodged            |    54 |    91 |    99 |    15 ||   259
